 Dungeon Crawl Stone Soup version 0.19.4-8-ga85b6b9 (webtiles) character file.

97 Kosschaser the Sneak (level 4, -2/23 HPs)
             Began as a Vine Stalker Assassin on Feb 11, 2017.
             Killed by nerve-wracking pain
             ... invoked by Grinder
              (9 damage)
             ... on level 3 of the Dungeon.
             The game lasted 00:11:34 (1654 turns).

Kosschaser the Sneak (Vine Stalker Assassin)        Turns: 1654, Time: 00:11:35

Health: -2/23      AC:  3    Str: 13    XL:     4   Next: 68%
Magic:  0/5        EV: 12    Int: 11    God:
Gold:   101        SH:  0    Dex: 17    Spells: 0 memorised, 3 levels left

rFire  . . .     SeeInvis .     a - +2 dagger
rCold  . . .     Gourm    .     c - +0 robe
rNeg   . . .     Faith    .     (no shield)
rPois  .         Spirit   +     (no helmet)
rElec  .         Reflect  .     d - +0 cloak
rCorr  .         Harm     .     (no gloves)
MR     .....                    (no boots)
Stlth  ++++......               (no amulet)
                                (no ring)
                                h - -3 ring of slaying (curse)

@: no status effects
A: fangs 2, regeneration 1, magic shield, antimagic bite, no device heal 3, rot
immunity
a: no special abilities


You were on level 3 of the Dungeon.
You were not hungry.

You visited 1 branch of the dungeon, and saw 3 of its levels.

You collected 101 gold pieces.

Inventory:

Hand Weapons
 a - a +2 dagger (weapon)
 b - a +0 blowgun
Missiles
 e - 8 poisoned needles
 f - 2 curare-tipped needles
Armour
 c - a +0 robe (worn)
 d - a +0 cloak (worn)
Jewellery
 h - a cursed -3 ring of slaying (left hand)
Scrolls
 g - a scroll of random uselessness {unknown}
 i - a scroll of identify
Potions
 j - a potion of resistance


   Skills:
 + Level 1.7 Fighting
 + Level 2.5 Short Blades
 + Level 1.8 Throwing
 + Level 1.4 Dodging
 + Level 6.6 Stealth


You had 3 spell levels left.
You didn't know any spells.

Dungeon Overview and Level Annotations

Branches:
Dungeon (3/15)

Altars:
Uskayaw

Annotations:
D:3 Grinder


Innate Abilities, Weirdness & Mutations

You have extremely sharp teeth.
Your natural rate of healing is unusually fast.
When hurt, damage is shared between your health and your magic reserves.
Your bite disrupts and absorbs the magic of your enemies.
Potions and wands cannot restore your health.
You are immune to rotting.


Message History

The hobgoblin is severely wounded.
The hobgoblin hits you.
* * * LOW HITPOINT WARNING * * *
Grinder blinks!
You barely miss the hobgoblin.
The hobgoblin is heavily wounded.
The hobgoblin closely misses you.
Grinder says, "Just stop there for a second..."
Grinder gestures at you.
You struggle to resist.
You barely miss the hobgoblin.
The hobgoblin is heavily wounded.
The hobgoblin hits you.
* * * LOW HITPOINT WARNING * * *
You hit the hobgoblin.
You kill the hobgoblin!
Grinder hits you but does no damage. Grinder gestures at you.
Pain shoots through your body!
You die...

#ยง#
#.#########
#.#.......#
#.#.#####.#
#.#.#<..#.#
#.#.###.#.#
#.#.....#.#
#.#######.#
#...@.5...#
###########


You could see Grinder.

Vanquished Creatures
  Ijyb (D:2)
  2 adders (D:2)
  2 worms (D:2)
  A leopard gecko (D:1)
  A ball python (D:1)
  A giant cockroach (D:2)
  5 goblins
  8 hobgoblins
  3 jackals (D:1)
  4 kobolds
  6 bats
  6 frilled lizards
  6 rats
46 creatures vanquished.

Notes
Turn   | Place    | Note
-------+----------+-------------------------------------------
     0 | D:1      | Kosschaser the Vine Stalker Assassin began the quest for the Orb.
     0 | D:1      | Reached XP level 1. HP: 11/11 MP: 2/2
    42 | D:1      | Reached skill level 5 in Stealth
   133 | D:1      | Reached XP level 2. HP: 13/15 MP: 3/3
   801 | D:1      | Reached XP level 3. HP: 14/18 MP: 4/4
   819 | D:1      | Reached skill level 1 in Dodging
   950 | D:2      | Noticed Ijyb
   953 | D:2      | Killed Ijyb
   953 | D:2      | Reached skill level 6 in Stealth
   955 | D:2      | Gained mutation: Your natural rate of healing is unusually fast. [Vine Stalker growth]
   955 | D:2      | Reached XP level 4. HP: 21/23 MP: 5/5
  1015 | D:2      | Found a hide-covered altar of Uskayaw.
  1029 | D:2      | Noticed a dagger
  1029 | D:2      | Noticed a hand axe
  1608 | D:3      | Noticed Grinder
  1616 | D:3      | Paralysed by Grinder for 6 turns
  1622 | D:3      | HP: 1/23 [hobgoblin (2)]
  1654 | D:3      | Killed from afar by Grinder

Skill      XL: |  1  2  3 |
---------------+----------+-----
Stealth        | 5 6 |  6.6
Short Blades   | 2 |  2.5
Dodging        | 1 |  1.4
Fighting       | |  1.7
Throwing       | |  1.8

Action                   |  1- 3 |  4- 6 || total
-------------------------+-------+-------++-------
Melee: Dagger            |    72 |   100 ||   172
       Bite              |    20 |    27 ||    47
 Fire: Blowgun           |     2 |       ||     2
  Use: Scroll            |     1 |     3 ||     4
 Stab: Sleeping          |     7 |     6 ||    13
  Eat: Bread ration      |       |     1 ||     1
Armor: Robe              |    16 |    26 ||    42
Dodge: Dodged            |    32 |    57 ||    89
